 Dungeon Crawl Stone Soup version 0.28.0-43-g3370ac3207 (webtiles) character file.

Game seed: 11575288672773385301

763 joshe the Ruffian (level 7, -1/70 HPs)
             Began as an Ogre Transmuter on Mar 14, 2022.
             Slain by a vampire (8 damage)
             ... on level 5 of the Dungeon on Mar 15, 2022.
             The game lasted 00:48:24 (6341 turns).

joshe the Ruffian (Ogre Transmuter)                 Turns: 6341, Time: 00:48:24

Health: -1/70      AC:  3    Str: 15    XL:     7   Next: 81%
Magic:  11/11      EV: 10    Int: 16    God:
Gold:   186        SH:  0    Dex:  9    Spells: 2/12 levels left

rFire   . . .      SeeInvis +   j - +1 hunting sling
rCold   . . .      Faith    .   (no shield)
rNeg    . . .      Spirit   .   a - +0 robe
rPois   .          Reflect  .   (helmet restricted)
rElec   .          Harm     .   (no cloak)
rCorr   .          Rampage  .   (gloves unavailable)
Will    .....                   (boots unavailable)
Stlth   +.........              (no amulet)
HPRegen 0.21/turn               i - ring of see invisible
MPRegen 0.12/turn               (no ring)

@: confused, mighty, on berserk cooldown, hasted and slowed
A: large, unfitting armour, tough skin 1
a: no special abilities


You were on level 5 of the Dungeon.
You visited 1 branch of the dungeon, and saw 5 of its levels.
You also visited: Sewer.

You collected 186 gold pieces.

Inventory:

Hand Weapons
 c - a +0 dagger
 j - a +1 hunting sling (weapon)
 k - a +3 hand axe
Missiles
 d - 76 stones (quivered ammo)
 g - 59 bolts
 o - 4 boomerangs
 t - 4 poisoned darts
Armour
 a - a +0 robe (worn)
Jewellery
 i - a ring of see invisible (left hand)
Scrolls
 h - 2 scrolls of identify
 l - 2 scrolls of teleportation
 m - a scroll of amnesia
 n - 2 scrolls of vulnerability
 p - a scroll of enchant weapon
 q - a scroll of fear
 r - 2 scrolls of enchant armour
 s - 2 scrolls of magic mapping
Potions
 e - a potion of haste


   Skills:
 - Level 4.0 Fighting
 - Level 2.0 Dodging
 - Level 2.0 Stealth
 - Level 5.0 Unarmed Combat
 + Level 3.0 Spellcasting
 - Level 4.0 Transmutations
 - Level 2.1 Ice Magic
 - Level 2.0 Poison Magic


You had 2 spell levels left.
You knew the following spells:

 Your Spells              Type           Power      Damage    Failure   Level
a - Beastly Appendage     Tmut           30%        N/A       3%          1
b - Wereblood             Tmut           15%        N/A       5%          2
c - Spider Form           Tmut/Pois      12%        N/A       16%         3
d - Ice Form              Ice/Tmut       12%        N/A       47%         4

Your spell library contained the following spells:

 Spells                   Type           Power      Damage    Failure   Level


Dungeon Overview and Level Annotations

Branches:
Dungeon (5/15)              Sewer (visited)
 Temple: D:4-7

Altars:
Yredelemnul

Annotations:
D:3 exclusion: downstairs
D:4 Grinder


Innate Abilities, Weirdness & Mutations

You are too large for most types of armour.
You have tough skin. (AC +1)


Message History

You feel yourself moving faster!
You feel mighty!
You feel a strong urge to attack something.
The vampire gestures at you while chanting.
You are more confused.
There is an open door, spattered with blood here.
Things that are here:
a scorpion corpse; a hound corpse The vampire hits you.
The vampire bites you.
The vampire draws strength from your injuries!
You bump into the rock wall.
You feel your anger nearly subside.
You're too confused to move!
You are no longer berserk.
You are exhausted.
You feel yourself slow down. The vampire hits you!
The vampire bites you but does no damage.
You bump into the rock wall.
You warm up again.
Your +1 hunting sling unmelds from your body.
Your +0 robe unmelds from your body.
The vampire closely misses you. The vampire bites you!
The vampire draws strength from your injuries!
Okay, then.
Okay, then.
You are too confused!
The vampire hits you. The vampire closely misses you.
You see here a scorpion corpse.
You clumsily bash the vampire but do no damage.
The vampire is heavily damaged.
The vampire completely misses you. The vampire bites you.
The vampire draws strength from your injuries!
You miss the vampire.
The vampire is moderately damaged.
The vampire closely misses you. The vampire bites you!
* * * LOW HITPOINT WARNING * * *
The vampire draws strength from your injuries!
The vampire hits you!
* * * LOW HITPOINT WARNING * * *
The vampire bites you!
You die...

#....#####
#.........
#......... #.
+.........
...###.........
.#.............
#..............
#†########
#.@......#
+V.......#
#'###..###
...##..#####
....#.......#
#....#.......#
#....#..###..#
#....#'####..#
#..<....+


You could see a vampire.

Vanquished Creatures
  Menkaure (D:5)
  2 bullfrogs (Sewer)
  2 scorpions (D:5)
  A howler monkey (D:3)
  A hound (D:5)
  2 orc priests
  An orc wizard (D:3)
  11 adders
  4 river rats (Sewer)
  An adder skeleton (D:4)
  2 worms
  A dart slug (D:1)
  5 orcs
  6 bats
  13 endoplasms
  5 giant cockroaches
  3 goblins
  9 hobgoblins
  A jackal (D:1)
  3 quokkas
  7 ball pythons
  4 frilled lizards
  3 kobolds
  33 rats
121 creatures vanquished.

Vanquished Creatures (others)
  An orc (D:3)
1 creature vanquished.

Grand Total: 122 creatures vanquished

Notes
Turn   | Place    | Note
-------+----------+-------------------------------------------
     0 | D:1      | joshe the Ogre Transmuter began the quest for the Orb.
     0 | D:1      | Reached XP level 1. HP: 19/19 MP: 3/3
   125 | D:1      | Reached skill level 3 in Unarmed Combat
   212 | D:1      | Reached XP level 2. HP: 25/27 MP: 3/5
   424 | D:1      | Found a faded altar of an unknown god.
   664 | D:1      | Learned a level 2 spell: Wereblood
   820 | D:1      | Reached XP level 3. HP: 31/33 MP: 3/6
  1205 | D:1      | Learned a level 3 spell: Spider Form
  1276 | D:1      | Reached skill level 4 in Unarmed Combat
  1859 | D:2      | Reached XP level 4. HP: 41/41 MP: 4/7
  2327 | D:3      | Found a glowing drain.
  2336 | Sewer    | Entered a sewer
  2446 | Sewer    | Reached skill level 5 in Unarmed Combat
  2753 | Sewer    | Reached XP level 5. HP: 27/48 MP: 1/8
  3137 | Sewer    | Reached skill level 1 in Stealth
  4064 | Sewer    | Reached skill level 1 in Poison Magic
  4070 | Sewer    | Reached XP level 6. HP: 47/57 MP: 8/10
  4350 | Sewer    | Learned a level 4 spell: Ice Form
  4543 | D:3      | Found a basalt altar of Yredelemnul.
  5093 | D:3      | Reached XP level 7. HP: 67/67 MP: 4/11
  5388 | D:4      | Noticed Grinder
  6280 | D:5      | Entered Level 5 of the Dungeon
  6299 | D:5      | Noticed Menkaure
  6303 | D:5      | Killed Menkaure
  6304 | D:5      | Reached skill level 1 in Ice Magic
  6328 | D:5      | Noticed a vampire
  6341 | D:5      | Slain by a vampire

Illustrated notes

Levels and vault maps discovered:
D:1:      lemuel_arrival_lava_pool, layout_rooms,
          hellmonk_ecumenical_altar_run_dry, minmay_indecisive_spiral
D:2:      layout_rooms
D:3:      layout_basic, lemuel_coloured_pillars_altar, portal_sewer_entry_d,
          minmay_fractal_squares_gapless_5
D:4:      layout_gridville, uniq_pikel, uniq_grinder
D:5:      cheibrodos_fzero, layout_gridville, uniq_menkaure

Skill      XL: |  1  2  3  4  5  6  7 |
---------------+----------------------+-----
Unarmed Combat | 3 4 5 |  5.0
Transmutations | 2 4 |  4.0
Stealth        | 2 |  2.0
Poison Magic   | 1 2 |  2.0
Fighting       | 2 3 4 |  4.0
Dodging        | 2 |  2.0
Spellcasting   | 3 |  3.0
Ice Magic      | 2 |  2.1

Action                   |  1- 3 |  4- 6 |  7- 9 || total
-------------------------+-------+-------+-------++-------
Melee: Unarmed           |    91 |   152 |    32 ||   275
       Kick              |    16 |    24 |       ||    40
       Punch             |     4 |     4 |       ||     8
       Headbutt          |     7 |    13 |       ||    20
       Dagger            |       |    85 |       ||    85
       Hunting sling     |       |     1 |     2 ||     3
 Fire: Hunting sling     |    16 |    28 |    15 ||    59
Throw: Stone             |     2 |    20 |       ||    22
 Cast: Beastly Appendage |    26 |    29 |     2 ||    57
       Spider Form       |     1 |     6 |     4 ||    11
       Wereblood         |       |     4 |     2 ||     6
       Ice Form          |       |       |     1 ||     1
  Use: Potion            |     1 |     8 |     3 ||    12
       Scroll            |       |       |    11 ||    11
Armor: Robe              |    28 |    44 |       ||    72
       Skin              |       |   246 |     3 ||   249
Dodge: Dodged            |    40 |    99 |    31 ||   170
